[Event "57th Biel Festival MTO 2024"]
[White "Follesa,Enrico"]
[Black "Arsenie,Cristian Marc"]
[Site "Biel"]
[Round "5.41"]
[Annotator "ChessBase"]
[Result "0-1"]
[Date "2024.07.19"]
[WhiteElo "2241"]
[BlackElo "2121"]
[PlyCount "74"]
[TimeControl "60"]

1. e4 c5 2. Nf3 d6 3. d4 cxd4 4. Nxd4 Nf6 5. Nc3 a6 6. Be3 e5 7. Nb3 Be7 8. f3 Be6 9. Qd2 h5 10. Nd5 Nxd5 11. exd5 Bf5 12. c4 a5 13. Rc1 O-O 14. Be2 Bh4+ 15. g3 Be7 16. O-O Nd7 17. a4 b6 18. f4 Bh3 19. Rfd1 h4 20. fxe5 Nxe5 21. Nd4 Qd7 22. b3 Rae8 23. Re1 Ng4 24. Bg5 hxg3 25. hxg3 Bxg5 26. Qxg5 Re3 27. Bf3 Rfe8 28. Rxe3 Rxe3 29. Qf4 Qe8 30. Nc2 Re2 31. Bxg4 Re4 32. Qxd6 Bxg4 33. Qxb6 Re2 34. Qd4 Bf3 35. Kf1 Qd7 36. g4 Qd6 37. Qg1 Qf4 0-1

[Event "57th Biel Festival MTO 2024"]
[White "Kolbus,Dietmar"]
[Black "Erne,Raphael"]
[Site "Biel"]
[Round "5.42"]
[Annotator "RC"]
[Result "1-0"]
[Date "2024.07.19"]
[WhiteElo "2234"]
[BlackElo "2102"]
[PlyCount "57"]
[TimeControl "60"]

1. c4 c5 2. Nf3 Nc6 3. Nc3 Nf6 4. d4 cxd4 5. Nxd4 g6 6. e4 d6 7. Be2 Nxd4 8. Qxd4 Bg7 9. Bg5 O-O 10. Qd2 a5 11. Rc1 a4 12. f3 Be6 13. Nb5 Nd7 14. O-O Nc5 15. Kh1 Re8 16. Rfd1 Qb6 17. Be3 Rec8 18. Bf1 Qa5 19. Qf2 Ra6 20. Bd2 Qb6 21. Bg5 Re8 22. Rc2 f6 23. Be3 Qc6 24. Nd4 Qc7 25. Nxe6 Nxe6 26. c5 Raa8 27. cxd6 Qd7 28. Rd5 exd6 29. Bb5 1-0

[Event "57th Biel Festival MTO 2024"]
[White "Papaux,Steve"]
[Black "Coles,Robin"]
[Site "Biel"]
[Round "5.43"]
[Annotator "RC"]
[Result "1-0"]
[Date "2024.07.19"]
[WhiteElo "2188"]
[BlackElo "2084"]
[PlyCount "75"]
[TimeControl "60"]

1. e4 e6 2. d4 d5 3. e5 c5 4. c3 Qb6 5. Nf3 Bd7 6. Be2 Bb5 7. dxc5 Bxc5 8. b4 Bxe2 9. Qxe2 Be7 10. Na3 a6 11. O-O Bd8 12. c4 Ne7 13. cxd5 exd5 14. Nc2 O-O 15. Be3 Qg6 16. Rfd1 Nbc6 17. Bc5 Bc7 18. Nfd4 Rfe8 19. f4 Nf5 20. Nf3 Rad8 21. b5 Nb8 22. Rab1 Nd7 23. Bf2 Nf6 24. bxa6 Ne4 25. Rxb7 Nc3 26. Qd3 Nxd1 27. Qxd1 Rc8 28. Qd3 Ba5 29. a7 Qc6 30. Rb8 Rxb8 31. axb8=Q Rxb8 32. Qxf5 Rb1+ 33. Nce1 Ra1 34. Ng5 Qc7 35. e6 f6 36. Qxh7+ Kf8 37. e7+ Kxe7 38. Qxg7+ 1-0

[Event "57th Biel Festival MTO 2024"]
[White "Borner,Daniel"]
[Black "Gueci,Tea"]
[Site "Biel"]
[Round "5.44"]
[Annotator "RC"]
[Result "0-1"]
[Date "2024.07.19"]
[WhiteElo "2075"]
[BlackElo "2228"]
[PlyCount "60"]
[TimeControl "60"]

1. e4 c5 2. Nf3 d6 3. d4 cxd4 4. Nxd4 Nf6 5. Nc3 a6 6. f3 e6 7. Be3 h5 8. Qd2 Be7 9. O-O-O b5 10. a3 Bb7 11. Be2 Nbd7 12. g3 g6 13. h3 d5 14. exd5 Nxd5 15. Nxd5 Bxd5 16. Kb1 Bf6 17. Rhe1 O-O 18. g4 h4 19. f4 b4 20. axb4 a5 21. b5 a4 22. Nc6 Qc7 23. Bd4 a3 24. b3 Bxc6 25. Qc3 e5 26. fxe5 Nxe5 27. bxc6 Rfd8 28. Ka2 Rxd4 29. Rxd4 Nxc6 30. Bf3 Nb4+ 0-1

[Event "57th Biel Festival MTO 2024"]
[White "Mostertman,Milan"]
[Black "Pisan,Kai"]
[Site "Biel"]
[Round "5.45"]
[Annotator "RC"]
[Result "1-0"]
[Date "2024.07.19"]
[WhiteElo "2231"]
[BlackElo "1950"]
[PlyCount "135"]
[TimeControl "60"]

1. e4 c6 2. d4 d5 3. e5 Bf5 4. h4 h5 5. Bd3 Bxd3 6. Qxd3 Qa5+ 7. Nd2 e6 8. Ngf3 Nh6 9. O-O Nf5 10. c4 Be7 11. g3 O-O 12. b3 Rd8 13. Bb2 c5 14. dxc5 dxc4 15. Qxc4 Qxc5 16. Qxc5 Bxc5 17. Rac1 Na6 18. Kg2 Rac8 19. a3 Be7 20. b4 Nc7 21. Rc4 Nd5 22. Rfc1 Rxc4 23. Nxc4 Rc8 24. Na5 Rxc1 25. Bxc1 b6 26. Nc6 a6 27. Kf1 Kf8 28. Bg5 Bxg5 29. Nxg5 Ke8 30. Nb8 Nc7 31. Ke2 f6 32. exf6 gxf6 33. Ne4 Ke7 34. Kd3 e5 35. a4 Nd4 36. Kc4 f5 37. Ng5 Kd6 38. Nf7+ Ke6 39. Ng5+ Kd6 40. Nf7+ Ke6 41. Nd8+ Ke7 42. Nb7 Nde6 43. Nc6+ Kf6 44. Nd6 Nf8 45. Nb8 Nfe6 46. b5 axb5+ 47. Nxb5 Nxb5 48. Kxb5 Nc5 49. a5 bxa5 50. Kxc5 f4 51. gxf4 Kf5 52. fxe5 Kxe5 53. Nd7+ Kf5 54. Kd4 a4 55. Kc3 Kg4 56. Ne5+ Kxh4 57. f4 Kg3 58. f5 h4 59. f6 h3 60. Nf3 Kxf3 61. f7 h2 62. f8=Q+ Kg2 63. Qg7+ Kf2 64. Qf6+ Kg1 65. Qg5+ Kf1 66. Qf4+ Kg1 67. Qg3+ Kh1 68. Qf2 1-0

[Event "57th Biel Festival MTO 2024"]
[White "Haugner,Jan"]
[Black "Ohler,Julius"]
[Site "Biel"]
[Round "5.46"]
[Annotator "RC"]
[Result "1-0"]
[Date "2024.07.19"]
[WhiteElo "2072"]
[BlackElo "2078"]
[PlyCount "69"]
[TimeControl "60"]

1. e4 c6 2. d4 d5 3. e5 Bf5 4. h4 h5 5. Bd3 Bxd3 6. Qxd3 e6 7. Bg5 Be7 8. Nf3 Nh6 9. Nc3 Nf5 10. Ne2 Qa5+ 11. c3 Qa6 12. Qd2 Nd7 13. Bxe7 Nxe7 14. O-O Nf8 15. Ng3 Nfg6 16. Qg5 O-O-O 17. a4 Qa5 18. b4 Qc7 19. b5 c5 20. dxc5 Qxc5 21. c4 Kb8 22. Rfc1 dxc4 23. Ne4 Qc7 24. Nd6 Nd5 25. Rxc4 Qd7 26. Rac1 Rhf8 27. Nd4 Qe7 28. Qg3 Ngf4 29. Qb3 Rxd6 30. exd6 Qxd6 31. g3 Ng6 32. Nc6+ Ka8 33. Nb4 Nge7 34. Nxd5 Qxd5 35. Qc3 1-0

[Event "57th Biel Festival MTO 2024"]
[White "Khulan,Enkhsaikhan"]
[Black "Kersten,Uwe"]
[Site "Biel"]
[Round "5.47"]
[Annotator "ChessBase"]
[Result "1/2-1/2"]
[Date "2024.07.19"]
[WhiteElo "2063"]
[BlackElo "2189"]
[PlyCount "113"]
[TimeControl "60"]

1. c4 Nf6 2. Nc3 e6 3. Nf3 c5 4. d4 cxd4 5. Nxd4 a6 6. e4 Qc7 7. Bd3 Nc6 8. Nxc6 dxc6 9. O-O e5 10. h3 Bc5 11. Bg5 Nd7 12. Rc1 Nf8 13. Na4 Ne6 14. Nxc5 Nxg5 15. b4 O-O 16. Qh5 Ne6 17. Nxe6 Bxe6 18. a3 Rfd8 19. Qe2 c5 20. Rb1 b6 21. Qc2 Rd4 22. Rfc1 Rad8 23. Bf1 g6 24. Qa4 Bc8 25. Re1 Bb7 26. f3 Bc6 27. Qb3 Qd6 28. bxc5 bxc5 29. Qe3 Rb8 30. h4 h5 31. Qc3 Rxb1 32. Rxb1 Qd8 33. Qb3 Qf6 34. Qb8+ Rd8 35. Qc7 Be8 36. Qxc5 Qxh4 37. Qxe5 Rc8 38. c5 Qd8 39. Bxa6 Ra8 40. Bf1 Bc6 41. Bc4 Qd2 42. Bd5 Re8 43. Qd6 Bxd5 44. Qxd5 Qe3+ 45. Kh2 Qf4+ 46. Kh1 h4 47. Qd6 Re5 48. Rb8+ Kh7 49. Qd8 Qc1+ 50. Kh2 Qf4+ 51. Kg1 Qc1+ 52. Kf2 Qxc5+ 53. Ke2 Qc2+ 54. Ke3 Qc1+ 55. Ke2 Qc2+ 56. Ke3 Qc1+ 57. Ke2 1/2-1/2

[Event "57th Biel Festival MTO 2024"]
[White "Asllani,Dorian"]
[Black "Panda,Barnabas"]
[Site "Biel"]
[Round "5.48"]
[Annotator "RC"]
[Result "0-1"]
[Date "2024.07.19"]
[WhiteElo "2154"]
[BlackElo "2074"]
[PlyCount "146"]
[TimeControl "60"]

1. Nf3 Nf6 2. c4 e6 3. e3 d5 4. b3 c5 5. Bb2 Nc6 6. cxd5 exd5 7. Bb5 Bd6 8. O-O O-O 9. h3 Qe7 10. Re1 Bf5 11. Bxc6 bxc6 12. d4 Ne4 13. Nbd2 Rfe8 14. Rc1 Rac8 15. Qe2 Nxd2 16. Qxd2 Be4 17. dxc5 Bxf3 18. gxf3 Bxc5 19. Qc3 Qg5+ 20. Kh2 Bf8 21. Rg1 Qh6 22. Rg4 Re6 23. Rcg1 Rg6 24. Rxg6 hxg6 25. Qd4 Qh5 26. Rg4 Qf5 27. Kg2 c5 28. Qc3 Re8 29. Ba3 Rc8 30. Bb2 Qb1 31. Ra4 Rc7 32. Qd2 Qf5 33. e4 dxe4 34. fxe4 Qe6 35. Qf4 Rd7 36. Qe5 Qc6 37. Rc4 Rd3 38. Rc3 Rd2 39. Rf3 Re2 40. Re3 Rxe3 41. fxe3 Qa6 42. Qc3 Qxa2 43. e5 Qb1 44. Ba3 Qe4+ 45. Kh2 Qd5 46. Bb2 Be7 47. Ba3 f6 48. Qc4 Qxc4 49. bxc4 Kf7 50. exf6 gxf6 51. Kg3 Ke6 52. Kf4 g5+ 53. Kf3 f5 54. Bc1 a5 55. Ba3 a4 56. Ke2 g4 57. hxg4 fxg4 58. e4 g3 59. Bb2 Bf6 60. Bc1 Be5 61. Kf3 Kf6 62. Kg2 Bc3 63. Ba3 Ke5 64. Bxc5 Kxe4 65. Kxg3 Kd3 66. Kf3 Kxc4 67. Ba3 Kb3 68. Bd6 Bb4 69. Be5 a3 70. Ke2 Bc3 71. Bxc3 Kxc3 72. Kd1 a2 73. Kc1 a1=Q# 0-1

[Event "57th Biel Festival MTO 2024"]
[White "Perreard,Nicolas"]
[Black "Vemparala,Nikash"]
[Site "Biel"]
[Round "5.49"]
[Annotator "RC"]
[Result "1/2-1/2"]
[Date "2024.07.19"]
[WhiteElo "2060"]
[BlackElo "2170"]
[PlyCount "89"]
[TimeControl "60"]

1. d4 d5 2. c4 e6 3. Nf3 h6 4. Nc3 Nf6 5. Bf4 Bd6 6. Bg3 Bxg3 7. hxg3 O-O 8. e3 Nbd7 9. Bd3 dxc4 10. Bxc4 c5 11. O-O b6 12. e4 Bb7 13. e5 Ne4 14. Rc1 cxd4 15. Qxd4 Ndc5 16. Rfd1 Qxd4 17. Rxd4 Rfd8 18. b4 Rxd4 19. Nxd4 Nd7 20. Nxe4 Bxe4 21. Re1 Bd5 22. Bxd5 exd5 23. Nc6 a5 24. bxa5 bxa5 25. e6 fxe6 26. Rxe6 Nf6 27. Rd6 Kf7 28. a4 Re8 29. f3 Re1+ 30. Kf2 Ra1 31. Nxa5 Rxa4 32. Nc6 Ra2+ 33. Kg1 Rd2 34. g4 Kg6 35. Kh2 Kg5 36. Ne5 Kf4 37. Re6 h5 38. Kh3 hxg4+ 39. fxg4 Ne4 40. Re7 g5 41. g3+ Ke3 42. Nc4+ dxc4 43. Rxe4+ Kd3 44. Rd4+ Kc3 45. Rxc4+ 1/2-1/2

[Event "57th Biel Festival MTO 2024"]
[White "Woltery,Nicolai"]
[Black "Coles,Ruben"]
[Site "Biel"]
[Round "5.50"]
[Annotator "RC"]
[Result "1/2-1/2"]
[Date "2024.07.19"]
[WhiteElo "2016"]
[BlackElo "2141"]
[PlyCount "126"]
[TimeControl "60"]

1. d4 d5 2. c4 e6 3. Nc3 Nf6 4. cxd5 exd5 5. Bg5 c6 6. e3 h6 7. Bh4 Be7 8. Bd3 O-O 9. Qc2 Re8 10. Nge2 Nbd7 11. O-O Ne4 12. Bxe7 Qxe7 13. Rae1 Ndf6 14. f3 Nxc3 15. Nxc3 c5 16. dxc5 Qxc5 17. Nb5 Qxc2 18. Bxc2 Re7 19. Nd4 Bd7 20. Kf2 Rc8 21. Rc1 Ree8 22. Bd3 Kf8 23. Ke2 Ke7 24. Kd2 Kd6 25. a3 g6 26. Rh1 h5 27. h4 a6 28. b4 Ra8 29. Rc5 b6 30. Rc3 Rec8 31. Rxc8 Bxc8 32. a4 Bd7 33. a5 b5 34. Rc1 Rc8 35. Rxc8 Bxc8 36. Kc3 Nd7 37. f4 f5 38. Nf3 Nf8 39. Ne5 Bb7 40. g3 Bc8 41. Be2 Bb7 42. Bf3 Bc8 43. Kd3 Bb7 44. Nf7+ Ke7 45. Ng5 Ne6 46. Bg2 Nxg5 47. fxg5 Ke6 48. Kd4 Kd6 49. Bh1 Ba8 50. Bf3 Bc6 51. Be2 Bd7 52. Bd1 Be8 53. Bb3 Bf7 54. Ba2 Be6 55. Bb1 Bd7 56. Bd3 Be8 57. Be2 Bd7 58. Bf3 Bc6 59. Bh1 Ba8 60. Bg2 Bb7 61. Bh3 Bc8 62. Bf1 Bd7 63. Be2 Be8 1/2-1/2

[Event "57th Biel Festival MTO 2024"]
[White "Bommini Mounika Akshaya"]
[Black "Mata,Adilson"]
[Site "Biel"]
[Round "5.51"]
[Annotator "RC"]
[Result "1-0"]
[Date "2024.07.19"]
[WhiteElo "2140"]
[BlackElo "1971"]
[PlyCount "124"]
[TimeControl "60"]

1. d4 d5 2. Nf3 Nf6 3. c3 Bf5 4. Qb3 Qc8 5. c4 dxc4 6. Qxc4 Nbd7 7. g3 c5 8. Nc3 cxd4 9. Qxc8+ Rxc8 10. Nxd4 e6 11. Bg2 Bb4 12. Bd2 Bxc3 13. Bxc3 Be4 14. f3 Bc6 15. Nxc6 Rxc6 16. f4 Rc7 17. O-O O-O 18. Rfd1 b6 19. Rd2 Nc5 20. Be5 Rd7 21. Rad1 Rfd8 22. Rxd7 Rxd7 23. Rxd7 Ncxd7 24. Bd4 Kf8 25. h3 Ke7 26. Kf2 Kd6 27. e4 e5 28. Bc3 Ng8 29. Bb4+ Kc6 30. Bf1 a5 31. Bc3 f6 32. Ke3 Ne7 33. a3 Kd6 34. b4 axb4 35. axb4 f5 36. fxe5+ Nxe5 37. Bd4 fxe4 38. Kxe4 N5c6 39. Bxb6 Nxb4 40. Bd4 g6 41. Be5+ Kc5 42. Bd4+ Kd6 43. Bc4 Nbc6 44. Bb2 Kd7 45. Kf4 Ke8 46. Kg5 h5 47. Kf6 Nf5 48. Bb5 Kd7 49. Be5 Nfe7 50. Bf4 h4 51. g4 Nd5+ 52. Kg5 Nde7 53. Kh6 Ke6 54. Bxc6 Nxc6 55. Kxg6 Nd4 56. Be3 Nf3 57. Bf2 Ke5 58. Kh5 Ke6 59. Bxh4 Ng1 60. Bg5 Nxh3 61. Be3 Ke5 62. Kh4 Kd5 1-0

[Event "57th Biel Festival MTO 2024"]
[White "Federer,Colin"]
[Black "Tkhoruk,Roman"]
[Site "Biel"]
[Round "5.52"]
[Annotator "RC"]
[Result "1-0"]
[Date "2024.07.19"]
[WhiteElo "2187"]
[BlackElo "1944"]
[PlyCount "93"]
[TimeControl "60"]

1. e4 c6 2. Nc3 d5 3. Nf3 dxe4 4. Nxe4 Bf5 5. Ng3 Bg4 6. h3 Bxf3 7. Qxf3 e6 8. c3 Nd7 9. d4 Ngf6 10. Bd3 h6 11. O-O Be7 12. Re1 O-O 13. Bf4 Qb6 14. Ne4 Nxe4 15. Rxe4 Nf6 16. Bxh6 gxh6 17. Qg3+ Kh8 18. Rh4 Ng8 19. Qe5+ f6 20. Qxe6 Qc7 21. Qe3 Bd6 22. Rxh6+ Nxh6 23. Qxh6+ Kg8 24. Bc4+ Rf7 25. Re1 Bf8 26. Qxf6 Bg7 27. Re7 Bxf6 28. Bxf7+ Kf8 29. Rxc7 Rb8 30. Be6 Be7 31. Rc8+ Rxc8 32. Bxc8 b6 33. f4 Kg7 34. Kf2 Kf6 35. g4 Bd6 36. Kf3 c5 37. d5 Kg6 38. g5 b5 39. Kg4 b4 40. cxb4 cxb4 41. b3 a6 42. f5+ Kf7 43. Be6+ Kg7 44. f6+ Kg6 45. h4 a5 46. h5+ Kh7 47. g6+ 1-0

[Event "57th Biel Festival MTO 2024"]
[White "Hornung,Hans"]
[Black "Malli,Suvirr"]
[Site "Biel"]
[Round "5.53"]
[Annotator "RC"]
[Result "1-0"]
[Date "2024.07.19"]
[WhiteElo "2009"]
[BlackElo "2147"]
[PlyCount "69"]
[TimeControl "60"]

1. Nf3 d5 2. d4 Nf6 3. c4 c6 4. e3 Bf5 5. Nc3 e6 6. Nh4 Be4 7. f3 Bg6 8. Qb3 Qc7 9. Bd2 Be7 10. Nxg6 hxg6 11. O-O-O dxc4 12. Bxc4 b5 13. Be2 a5 14. Qc2 Qb7 15. e4 O-O 16. g4 Na6 17. Bf4 Rfc8 18. Kb1 Nc7 19. h4 Nd7 20. g5 a4 21. h5 e5 22. hxg6 fxg6 23. dxe5 Ne6 24. Qd2 Rd8 25. Nd5 cxd5 26. exd5 Nb6 27. d6 Bf8 28. Bd3 Nc4 29. Qh2 Nxf4 30. Qxf4 Nxe5 31. Qxe5 Rxd6 32. Be4 Qd7 33. Rxd6 Bxd6 34. Bd5+ Kf8 35. Rh8# 1-0

[Event "57th Biel Festival MTO 2024"]
[White "Kaiser,Elmar"]
[Black "Udelnov,Valentin"]
[Site "Biel"]
[Round "5.54"]
[Annotator "RC"]
[Result "0-1"]
[Date "2024.07.19"]
[WhiteElo "2116"]
[BlackElo "1965"]
[PlyCount "58"]
[TimeControl "60"]

1. e4 e5 2. Nf3 Nc6 3. Bb5 g6 4. Bxc6 dxc6 5. O-O Bg7 6. b3 c5 7. Bb2 Qe7 8. Na3 Bg4 9. h3 h5 10. Qe2 Bd7 11. Nc4 f6 12. Rfe1 Qe6 13. c3 g5 14. d4 g4 15. Nh4 gxh3 16. Nf5 Bf8 17. gxh3 Ne7 18. dxe5 fxe5 19. Qf3 O-O-O 20. Nce3 Ng6 21. Rad1 Bh6 22. Nd5 Rdf8 23. Bc1 Nh4 24. Qd3 Bxc1 25. Rxc1 Qg6+ 26. Kf1 Qg2+ 27. Ke2 Bxf5 28. exf5 Nxf5 29. Rg1 Nd4+ 0-1

[Event "57th Biel Festival MTO 2024"]
[White "Liu,Kimberly"]
[Black "Tarini Goyal"]
[Site "Biel"]
[Round "5.55"]
[Annotator "RC"]
[Result "0-1"]
[Date "2024.07.19"]
[WhiteElo "1941"]
[BlackElo "2079"]
[PlyCount "88"]
[TimeControl "60"]

1. e4 c6 2. d4 d5 3. e5 c5 4. Nf3 Nc6 5. dxc5 Bg4 6. c3 e6 7. Be3 a6 8. Bd4 Nge7 9. h3 Bxf3 10. Qxf3 Nf5 11. Qd3 Nfxd4 12. cxd4 f6 13. Be2 fxe5 14. O-O Nxd4 15. Nd2 Bxc5 16. Rac1 Bb6 17. Bh5+ g6 18. Bxg6+ hxg6 19. Qxg6+ Kd7 20. Qg7+ Qe7 21. Qxe5 Rhg8 22. Kh1 Qg5 23. Qxg5 Rxg5 24. Nb3 Nxb3 25. axb3 Rc8 26. Rc3 d4 27. Rd1 Rxc3 28. bxc3 e5 29. g4 Kc6 30. cxd4 e4 31. Kg2 Kd5 32. Kg3 Bxd4 33. f4 exf3 34. Kxf3 Rg7 35. h4 Rf7+ 36. Kg3 Ke4 37. h5 Bf2+ 38. Kh3 Be3 39. Kh4 Rf2 40. g5 Rh2+ 41. Kg4 Rg2+ 42. Kh4 Bxg5+ 43. Kh3 Rd2 44. Rf1 Bf4 0-1

[Event "57th Biel Festival MTO 2024"]
[White "Monteverde,Jonathan"]
[Black "Pinelli,Gian"]
[Site "Biel"]
[Round "5.57"]
[Annotator "RC"]
[Result "1/2-1/2"]
[Date "2024.07.19"]
[WhiteElo "2052"]
[BlackElo "1874"]
[PlyCount "72"]
[TimeControl "60"]

1. d4 Nf6 2. c4 g6 3. Nc3 d5 4. Nf3 Bg7 5. cxd5 Nxd5 6. e4 Nxc3 7. bxc3 c5 8. Rb1 O-O 9. Be2 cxd4 10. cxd4 Qa5+ 11. Bd2 Qxa2 12. O-O Bg4 13. Bg5 h6 14. Be3 Nc6 15. d5 Ne5 16. Rxb7 Qa3 17. Nxe5 Bxe2 18. Qxe2 Bxe5 19. Bxh6 Rfb8 20. Rbb1 Rb3 21. Rxb3 Qxb3 22. f4 Bd4+ 23. Kh1 Kh7 24. Bg5 f6 25. Bh4 Kg7 26. Bf2 Bxf2 27. Qxf2 Qc4 28. Re1 a5 29. h3 a4 30. Qb6 Qc3 31. Re3 Qc1+ 32. Kh2 a3 33. e5 fxe5 34. Qb7 Qxe3 35. Qxe7+ Kh6 36. Qh4+ Kg7 1/2-1/2

[Event "57th Biel Festival MTO 2024"]
[White "Saine,Zachary"]
[Black "Malli,Shiivesh Sunil"]
[Site "Biel"]
[Round "5.58"]
[Annotator "RC"]
[Result "1-0"]
[Date "2024.07.19"]
[WhiteElo "2035"]
[BlackElo "1916"]
[PlyCount "21"]
[TimeControl "60"]

1. e4 d5 2. exd5 Nf6 3. Nc3 Nxd5 4. Bc4 e6 5. Nf3 Be7 6. O-O O-O 7. Re1 Nxc3 8. bxc3 b6 9. Ne5 Bb7 10. d4 c5 11. Qg4 1-0

[Event "57th Biel Festival MTO 2024"]
[White "Matsumura,Cocoro"]
[Black "Cordes,Jule"]
[Site "Biel"]
[Round "5.59"]
[Annotator "RC"]
[Result "1/2-1/2"]
[Date "2024.07.19"]
[WhiteElo "2032"]
[BlackElo "1900"]
[PlyCount "27"]
[TimeControl "60"]

1. e4 e6 2. d4 d5 3. e5 c5 4. c3 Nc6 5. Nf3 Nh6 6. Bxh6 gxh6 7. Bd3 Qb6 8. Qd2 Bd7 9. dxc5 Qc7 10. Qf4 Bg7 11. Bb5 Nxe5 12. Bxd7+ Kxd7 13. O-O Rhg8 14. g3 1/2-1/2

[Event "57th Biel Festival MTO 2024"]
[White "Kheerthi Ganta"]
[Black "Krishnan,Ritvik"]
[Site "Biel"]
[Round "5.60"]
[Annotator "RC"]
[Result "1/2-1/2"]
[Date "2024.07.19"]
[WhiteElo "1987"]
[BlackElo "2297"]
[PlyCount "64"]
[TimeControl "60"]

1. d4 Nf6 2. Nf3 d5 3. e3 c5 4. dxc5 e6 5. b4 a5 6. c3 axb4 7. cxb4 b6 8. Bb5+ Bd7 9. Bxd7+ Nbxd7 10. a4 bxc5 11. b5 Bd6 12. Bb2 Qc7 13. Nbd2 O-O 14. O-O h6 15. Qc2 c4 16. Bc3 e5 17. h3 Nc5 18. a5 Nd3 19. b6 Qc6 20. Rfb1 Nd7 21. Ne1 Nxe1 22. Rxe1 Nc5 23. Reb1 Ra6 24. Nf3 Re8 25. Qb2 Na4 26. Qc2 Nxc3 27. Qxc3 Qc5 28. Ra4 Qc6 29. Rba1 f5 30. Nh4 Rf8 31. Ng6 Re8 32. Nh4 Rf8 1/2-1/2

[Event "57th Biel Festival MTO 2024"]
[White "Pappier,Carlos"]
[Black "Hartmann,Wolfgang"]
[Site "Biel"]
[Round "5.61"]
[Annotator "RC"]
[Result "0-1"]
[Date "2024.07.19"]
[WhiteElo "2202"]
[BlackElo "1983"]
[PlyCount "122"]
[TimeControl "60"]

1. d4 d5 2. c4 e6 3. Nc3 Nf6 4. cxd5 Nxd5 5. e4 Nxc3 6. bxc3 c5 7. Nf3 cxd4 8. cxd4 Bb4+ 9. Bd2 Bxd2+ 10. Qxd2 O-O 11. Bc4 Nd7 12. O-O b6 13. Rfe1 Bb7 14. a4 Nf6 15. Bd3 Qe7 16. a5 bxa5 17. Rxa5 Rfc8 18. Bb1 Qc7 19. Rc5 Qd8 20. Qc2 g6 21. Qc3 a5 22. Nd2 Rxc5 23. dxc5 Rc8 24. h3 Nd7 25. Nb3 a4 26. Na5 Nxc5 27. Qb4 Ba6 28. Rc1 Nd3 29. Rxc8 Qxc8 30. Bxd3 Qc1+ 31. Kh2 Qf4+ 32. Kg1 Qc1+ 33. Kh2 Qf4+ 34. Kg1 Bxd3 35. Qxa4 Qc1+ 36. Kh2 Qf4+ 37. Kg1 Bxe4 38. Qc4 Qe5 39. Qb4 Qa1+ 40. Kh2 Qe5+ 41. Kg1 Qa1+ 42. Kh2 Bd5 43. Qc5 Qe5+ 44. Kg1 h5 45. f3 Qe1+ 46. Kh2 h4 47. Nc6 Bxf3 48. gxf3 Qg3+ 49. Kh1 Qxh3+ 50. Kg1 Qg3+ 51. Kh1 Qxf3+ 52. Kg1 h3 53. Ne7+ Kh7 54. Qg5 e5 55. Kh2 e4 56. Qh4+ Kg7 57. Qxh3 Qf2+ 58. Kh1 e3 59. Nd5 Qe1+ 60. Kh2 Qd2+ 61. Qg2 e2 0-1

[Event "57th Biel Festival MTO 2024"]
[White "Stefan,Iulia-Cristiana"]
[Black "Tellarini,Lorenzo"]
[Site "Biel"]
[Round "5.63"]
[Annotator "RC"]
[Result "1/2-1/2"]
[Date "2024.07.19"]
[WhiteElo "1953"]
[BlackElo "1953"]
[PlyCount "62"]
[TimeControl "60"]

1. d4 Nf6 2. Nf3 e6 3. Bg5 d5 4. e3 Be7 5. Nbd2 O-O 6. Bd3 c5 7. c3 Nc6 8. O-O Qc7 9. Bf4 Bd6 10. Bxd6 Qxd6 11. dxc5 Qxc5 12. e4 Rd8 13. e5 Ne4 14. Qe2 Nxd2 15. Qxd2 b6 16. Qe2 Bb7 17. Rac1 Rd7 18. Rfd1 Rad8 19. Nd4 Kh8 20. Bb5 Rc7 21. Bxc6 Bxc6 22. c4 Be8 23. Nb3 Qe7 24. cxd5 Rxc1 25. Nxc1 Rxd5 26. Rxd5 exd5 27. Qe3 Qc5 28. Qxc5 bxc5 29. Nb3 c4 30. Nd4 Kg8 31. Kf1 Bd7 1/2-1/2

[Event "57th Biel Festival MTO 2024"]
[White "Douguet,Claude"]
[Black "Arbinger,Roland"]
[Site "Biel"]
[Round "5.64"]
[Annotator "RC"]
[Result "1/2-1/2"]
[Date "2024.07.19"]
[WhiteElo "1994"]
[BlackElo "2013"]
[PlyCount "125"]
[TimeControl "60"]

1. c4 Nf6 2. b3 g6 3. Bb2 Bg7 4. Nf3 O-O 5. g3 d6 6. Bg2 Nc6 7. O-O e5 8. Nc3 Re8 9. d3 Bd7 10. Qd2 Qc8 11. Rfd1 a6 12. Rac1 Bh3 13. Bh1 Bg4 14. a3 Qd7 15. Re1 Bxf3 16. exf3 Nd4 17. Qd1 c6 18. Ne2 c5 19. Nxd4 cxd4 20. Rc2 Nh5 21. Rce2 Kf8 22. f4 exf4 23. Rxe8+ Rxe8 24. Rxe8+ Kxe8 25. Qe2+ Kf8 26. Qe4 fxg3 27. hxg3 b5 28. Qa8+ Ke7 29. Qxa6 bxc4 30. Qxc4 Be5 31. Bxd4 Qg4 32. Bxe5 Qd1+ 33. Kh2 dxe5 34. Qc5+ Kf6 35. Qd6+ Kg7 36. Qxe5+ Nf6 37. Bd5 Qxd3 38. Bc4 Qf3 39. Qd4 h5 40. Kg1 Kg8 41. Qd3 Qg4 42. Qd8+ Kg7 43. Qe7 Qd1+ 44. Kg2 Nd5 45. Qe5+ Nf6 46. a4 h4 47. gxh4 Qg4+ 48. Qg3 Qe4+ 49. f3 Qd4 50. Qf2 Qa1 51. Qa7 Qb2+ 52. Kh3 Qc3 53. Qxf7+ Kh8 54. Qf8+ Kh7 55. Qe7+ Kh8 56. Qd8+ Kg7 57. Qc7+ Kh8 58. Qf4 Kg7 59. Be6 Qe1 60. Qc7+ Kh6 61. Bg4 Qf1+ 62. Kg3 Qg1+ 63. Kh3 1/2-1/2

[Event "57th Biel Festival MTO 2024"]
[White "Mendonca,Leon Luke"]
[Black "Moiseenko,Alexander"]
[Site "Biel"]
[Round "6.1"]
[Annotator "TA"]
[Result "1-0"]
[Date "2024.07.20"]
[WhiteElo "2634"]
[BlackElo "2560"]
[PlyCount "59"]
[TimeControl "60"]

1. e4 c5 2. Nf3 Nc6 3. d4 cxd4 4. Nxd4 Nf6 5. Nc3 e5 6. Ndb5 d6 7. Nd5 Nxd5 8. exd5 Nb8 9. a4 Be7 10. Be2 O-O 11. O-O Nd7 12. b4 a6 13. Na3 {[%emt 0:0:39] The position is equal.} b6 14. Kh1 f5 15. f4 Bb7 16. Nc4 Qc7 17. Ra3 a5 18. b5 Rad8 19. fxe5 Nxe5 20. Rc3 Nd7 $1 21. Rg3 {[%emt 0:4:5] White wants to play Bd3.} Nc5 22. Bd3 {[%emt 0:12:39][%cal Be2d3,Bd3e4,Be4f5,Bf5e6][%mdl 32] [#] Black must now prevent Bh6.} (22. Bh6 $5 g6 23. Bd3 Bxd5 24. Bxf8 (24. Rxf5 Rxf5 25. Bxf5 Bf7 $11 )Rxf8 25. Ne3 $16 (25. Rxf5 Rxf5 26. Bxf5 Bxc4 $11 ))Ne4 $2 (22... Bc8 $1 $11 {and Black stays safe.} )23. Bxe4 $18 Qxc4 (23... Bh4 $142 24. Bd3 Bxg3 25. hxg3 Bxd5 )24. Bxf5 Bf6 25. Be6+ Kh8 26. Rgf3 Qxa4 $2 {[%emt 0:4:59] [#]} (26... Bc8 27. Be3 (27. Rf4 Qc3 $18 )Rde8 )27. Bb2 $1 {[%emt 0:1:44][%cal Rf3f6][%mdl 512] Rxf6 is the strong threat.} Qxb5 (27... Qh4 28. Qa1 )28. Bxf6 {[%emt 0:3:38] White mates.} Rxf6 29. Rxf6 gxf6 30. Qa1 {[%emt 0:0:7] Weighted Error Value: White=0.28 (precise) /Black=0.84.  Loses game:     	---       	Black=1      Mistake:       	---       	Black=1      Inaccurate:     	White=1     	Black=3      OK:         	White=6     	Black=3      Best:        	White=2     	Black=1      Strong:       	---       	Black=1} (30. Rxf6 $142 Qb2 31. Qf1 Bxd5 32. Rf8+ Kg7 33. Qf7+ (33. Rxd8 Bxe6 34. Rxd6 Bf5 $18 )(33. Rf7+ Kh8 34. Rf8+ Kg7 35. Qf7+ Kh6 36. Qf4+ Kg6 37. Qf5+ Kh6 38. Rf6+ Qxf6 )Kh6 34. Qf4+ (34. Rxd8 $2 {gets mated.} Qc1+ )Kg6 35. Qg4+ (35. Bxd5 Rxf8 36. Qg4+ Kf6 $11 )(35. Qf5+ Kh6 36. Rf6+ Qxf6 37. Qxf6+ Kh5 38. Bxd5 Rg8 39. Bf3+ Rg4 40. h3 h6 41. hxg4# )Kh6 36. Qh4+ (36. Rxd8 $2 Qc1+ )Kg6 37. Bf5+ (37. Rxd8 $2 Qc1+ )Kg7 38. Qe7+ (38. Qxd8 $2 Qc1# )Kh6 39. Qxh7+ (39. Qxd8 $2 Qc1# )Kg5 40. Qg6+ Kh4 41. Qh6# )1-0